 Dungeon Crawl Stone Soup version 0.31-a0-949-g57150269e1 (webtiles) character file.

Game seed: 10360357051805062699

831 scionoferis the Cleaver (level 7, -4/66 HPs)
             Began as a Minotaur Chaos Knight on Oct 21, 2023.
             Was a Plaything of Xom.
             Slain by a guardian serpent (shapeshifter) (17 damage)
             ... on level 6 of the Dungeon.
             The game lasted 00:07:20 (4179 turns).

scionoferis the Cleaver (Minotaur Chaos Knight)     Turns: 4179, Time: 00:07:21

Health: -4/66      AC:  9    Str: 17    XL:     7   Next: 65%
Magic:  6/6        EV: 11    Int:  9    God:    Xom [....*.]
Gold:   260        SH:  0    Dex: 11    Spells: 6/6 levels left

rFire   . . .        a - +0 hand axe (chaos)
rCold   . . .        (no shield)
rNeg    . . .        b - +2 leather armour
rPois   .            (helmet restricted)
rElec   .            (no cloak)
rCorr   .            (no gloves)
SInv    .            (no boots)
Will    +....        (no amulet)
Stlth   +            x - +4 ring of protection
HPRegen 0.31/turn    (no ring)
MPRegen 0.10/turn

%: no passive effects
@: confused, brilliant, attractive, enlightened, flying
A: horns 2, retaliatory headbutt
a: Renounce Religion


You were on level 6 of the Dungeon.
You worshipped Xom.
You were a beloved toy of Xom.
You visited 1 branch of the dungeon, and saw 6 of its levels.

You collected 260 gold pieces.


Innate Abilities, Weirdness & Mutations

You have a pair of horns on your head.
You reflexively headbutt those who attack you in melee.


   Skills:
 + Level 7.0 Fighting
 * Level 9.2 Axes
 - Level 2.4 Armour
 - Level 1.1 Dodging


You had 6 spell levels left.
You didn't know any spells.
Your spell library was empty.

Inventory:

Hand Weapons
 a - a +0 hand axe of chaos (weapon)
 n - a +0 war axe
   (You found it on level 2 of the Dungeon)
 p - a +2 mace of holy wrath
   (You took it off an orc on level 3 of the Dungeon)
Missiles
 f - 18 poisoned darts (quivered)
Armour
 b - a +2 leather armour (worn)
Jewellery
 r - the amulet of the Jackalope {RegenMP +Blink rF- Str+6 Int+3}
   (You found it on level 3 of the Dungeon)

   [amulet of magic regeneration]

   RegenMP:   It increases your rate of magic regeneration.
   Str+6:     It affects your strength (+6).
   Int+3:     It affects your intelligence (+3).
   rF-:       It makes you vulnerable to fire.
   +Blink:    It lets you blink.
 x - a +4 ring of protection (left hand)
   (You took it off an orc priest on level 5 of the Dungeon)
Scrolls
 c - a scroll of butterflies
 d - 4 scrolls of revelation
 e - a scroll of torment
 h - 3 scrolls of teleportation
 j - 2 scrolls of enchant weapon
 k - a scroll of silence
 o - a scroll of amnesia {unknown}
 t - a scroll of immolation {unknown}
 v - a scroll of vulnerability {unknown}
 w - a scroll of noise {unknown}
 y - a scroll of fear {unknown}
Potions
 m - a potion of lignification {unknown}
 q - a potion of haste {unknown}
 s - a potion of attraction
 u - a potion of invisibility {unknown}
 z - a potion of degeneration {unknown}

Dungeon Overview and Level Annotations

Branches:
Dungeon (6/15)
 Temple: D:4-7

Altars:
Cheibriados
Qazlal
Ru
Wu Jian
Xom

Shops:
D:5

: .. ....# #...#
...# #...# ..# #...#
#.# #.?.#
#######.#####...#
###....##.........#
#....S@''........#
###..~.##........#
##~~~~########.####♣
#~~~.# #....~♣
##~~~## #)##~~~P
##....##### #†# ~P~
#.....#...#####.# ~~
#...............# P
#....##.#######.#


You could see a guardian serpent shaped shifter.


Message History

The adder hisses angrily.
You closely miss the adder. Your punch misses the adder. The adder bites you.
The adder barely misses you.
You closely miss the adder. Your headbutt misses the adder.
You punch the adder.
The adder is lightly wounded.
The adder bites you.
You are poisoned.
The adder poisons you!
You miss the adder. Your headbutt misses the adder.
The adder is lightly wounded.
You feel sick. The adder closely misses you. The adder barely misses you.
You closely miss the adder. Your headbutt misses the adder.
The adder is lightly wounded.
You feel sick. The adder closely misses you. You furiously retaliate!
You headbutt the adder, but do no damage.
You barely miss the adder. Your headbutt misses the adder.
The adder is lightly wounded.
You feel sick.
You are no longer poisoned.
The adder bites you but does no damage.
You closely miss the adder. Your headbutt misses the adder.
The adder is lightly wounded.
The adder barely misses you. The adder closely misses you.
You miss the adder.
The adder is lightly wounded.
The adder barely misses you.
A ball python comes into view.
You miss the adder.
The adder is lightly wounded.
The ball python hisses angrily.
The adder bites you. The adder barely misses you. You furiously retaliate!
You headbutt the adder. You miss the adder. Your headbutt misses the adder.
The adder is moderately wounded.
The adder closely misses you. You furiously retaliate!
You headbutt the adder!
You kill the adder!
The ball python bites you but does no damage.
The ball python closely misses you.
You closely miss the ball python. Your headbutt misses the ball python.
The ball python completely misses you. You furiously retaliate!
You headbutt the ball python!
You kill the ball python!
No target in view!
r - the amulet of the Jackalope {RegenMP +Blink rF- Str+6 Int+3} Unknown command.
You now have 119 gold pieces (gained 5).
s - an inky potion A rat comes into view.
A rat is nearby!
You barely miss the rat. The rat bites you.
You hit the rat but do no damage. The rat bites you but does no damage.
You hit the rat. You freeze the rat.
You kill the rat!
You see here a hobgoblin corpse.
Things that are here:
a +0 dagger; 5 stones
t - a scroll labelled DULETWAMOWK A giant cockroach comes into view.
Found a scroll labelled ORPHUDW EPNAYS.
Found an escape hatch in the ceiling.
The giant cockroach barely misses you.
The giant cockroach bites you but does no damage.
You closely miss the giant cockroach. The giant cockroach bites you.
You slash the giant cockroach!
You kill the giant cockroach!
No target in view!
Found a dagger and a leather armour.
Found a stone staircase leading up.
i - 2 scrolls labelled ORPHUDW EPNAYS (gained 1)
u - a smoky golden potion
i - 3 scrolls labelled ORPHUDW EPNAYS (gained 1)
You see here a giant cockroach corpse.
You see here a +0 whip.
You see here a hobgoblin corpse.
You open the door.
An adder, a goblin and a hobgoblin come into view.
The goblin is wielding a +1 dagger of holy wrath.
The goblin shouts!
You hear a shout!
Found a stone staircase leading down.
The hobgoblin closely misses you. You furiously retaliate!
You headbutt the hobgoblin.
There is an open door here.
You barely miss the hobgoblin.
The hobgoblin is moderately wounded.
The hobgoblin hits you but does no damage.
You hit the hobgoblin. You freeze the hobgoblin. You headbutt the hobgoblin.
You kill the hobgoblin!
You hit the adder. You burn the adder. The adder bites you but does no damage.
You hit the adder. You burn the adder.
You kill the adder!
You hit the goblin. Lightning courses through the goblin!!
You kill the goblin!
No target in view!
No target in view!
There is a stone staircase leading down here.
You see here an adder corpse.
You now have 127 gold pieces (gained 8).
Things that are here:
a +1 dagger of holy wrath; a +0 robe; a hobgoblin corpse A ball python comes into view.
Found a faded altar of an unknown god.
The ball python hisses angrily.
You closely miss the ball python. The ball python closely misses you.
The ball python barely misses you.
You barely miss the ball python. The ball python barely misses you. x2
You closely miss the ball python. You headbutt the ball python.
You kill the ball python!
No target in view!
An adder comes into view.
The adder hisses angrily.
An adder is nearby!
The adder bites you but does no damage.
You hit the adder.
The adder suddenly seems more agile.
Xom thinks this is hilarious!
Your headbutt misses the adder.
The adder is lightly wounded.
An endoplasm comes into view.
The adder bites you but does no damage.
You closely miss the adder.
The adder is lightly wounded.
The adder bites you but does no damage.
There are monsters nearby!
You closely miss the adder.
The adder is lightly wounded.
The adder closely misses you. You furiously retaliate!
You headbutt the adder! The adder barely misses you.
You miss the adder.
The adder is almost dead.
The adder bites you but does no damage.
You barely miss the adder. Your headbutt misses the adder.
The adder is almost dead.
The adder bites you but does no damage.
You miss the adder.
The adder is almost dead.
You hit the endoplasm. You freeze the endoplasm.
The adder completely misses you.
The endoplasm hits you but does no damage.
The adder bites you.
You are poisoned.
The adder poisons you!
You hit the adder. You freeze the adder.
You kill the adder!
You slash the endoplasm! You freeze the endoplasm.
You kill the endoplasm!
You feel sick.
No target in view!
No target in view!
You feel sick.
You feel sick.
You feel sick.
You are no longer poisoned.
You see here an adder corpse.
A hobgoblin comes into view.
The hobgoblin shouts!
You hit the hobgoblin. You burn the hobgoblin.
The hobgoblin is severely wounded.
The hobgoblin barely misses you.
You hit the hobgoblin.
You kill the hobgoblin!
No target in view!
Found a hand axe.
A giant cockroach comes into view.
You closely miss the giant cockroach. The giant cockroach barely misses you.
You furiously retaliate!
You headbutt the giant cockroach!
You kill the giant cockroach!
No target in view!
You see here a hobgoblin corpse.
Done exploring.
Done exploring.
Search for what [Enter for "d:", or ? for help]? d: Unknown command.
There is an open door here.
There is a stone staircase leading down here.
You see here an adder corpse.
Unknown command.
You climb downwards.
There is a stone staircase leading up here.
h - 2 scrolls labelled UDEOLYR GOPTUT (gained 1)
You now have 139 gold pieces (gained 12).
v - a scroll labelled SEMAAT HUOSM You now have 143 gold pieces (gained 4).
A hound comes into view.
Found an escape hatch in the floor.
The hound barks!
The hound closely misses you. You furiously retaliate!
You headbutt the hound. You hit the hound.
Space warps around the hound.
The hound is severely wounded.
The hound bites you but does no damage.
A hobgoblin comes into view.
You miss the hound. You headbutt the hound.
You kill the hound!
Your Fighting skill increases to level 5!
Your Axes skill increases to level 6!
You have reached level 5!
A malevolent force fills the Dungeon... and a teleportation trap spontaneously manifests!
You are yanked towards some nearby monsters!
Your surroundings suddenly seem different. 4 orcs come into view.
An orc is wielding a +0 club and quivering poisoned darts.
The orc shouts! x2
The orc throws a poisoned dart.
The poisoned dart closely misses you.
You hit the orc. You freeze the orc.
You kill the orc!
You hit the orc but do no damage.
The orc resists with some effort.
You headbutt the orc!
You kill the orc!
An orc wizard comes into view. It is wielding a +0 dagger.
The orc wizard shouts!
The orc hits you with a +0 short sword.
The orc wizard moves out of view.
Items here: ( )) †.
You hit the orc. You freeze the orc.
The orc is heavily wounded.
You hit the orc but do no damage.
The orc is poisoned.
The orc hits you with a +0 hand axe. The orc hits you but does no damage.
You hit the orc. You freeze the orc.
You kill the orc!
You hit the orc but do no damage.
An adder comes into view.
The adder hisses angrily.
The orc barely misses you.
Things that are here:
a +0 short sword; a +0 ring mail You barely miss the orc wizard.
You hit the orc but do no damage. The orc closely misses you.
You furiously retaliate!
You headbutt the orc.
The orc wizard hits you with a +0 dagger.
You barely miss the orc wizard.
You headbutt the orc wizard, but do no damage.
You hit the orc but do no damage.
The orc seems to slow down.
The orc is no longer moving slowly.
The orc hits you but does no damage.
The orc wizard hits you with a +0 dagger.
You miss the orc wizard.
You headbutt the orc wizard, but do no damage.
You hit the orc but do no damage. The orc completely misses you.
The orc wizard barely misses you.
You closely miss the orc wizard. You completely miss the adder.
You hit the orc but do no damage. The orc barely misses you.
The adder completely misses you.
The orc wizard hits you but does no damage.
You kill the orc!
The orc wizard attacks as it pursues you!
The orc wizard hits you with a +0 dagger.
Items here: ( )) †.
The adder barely misses you. You furiously retaliate!
You headbutt the adder! You hit the adder but do no damage.
The adder is severely wounded.
The adder bites you but does no damage.
You slash the adder! You freeze the adder.
You kill the adder!
You hit the orc wizard.
The orc wizard is poisoned.
You headbutt the orc wizard!
The orc wizard is severely wounded.
The orc wizard hits you with a +0 dagger.
You closely miss the orc wizard. You headbutt the orc wizard.
You kill the orc wizard!
f - 15 poisoned darts (gained 4)
Items here: ))) [ ††.
Things that are here:
a +0 short sword; a +0 ring mail
Things that are here:
a +0 hand axe; a +0 leather armour HP restored.
Found a stone staircase leading up.
Found a stone staircase leading down.
Found a flail.
Found a stone staircase leading down.
The hobgoblin shouts!
A hobgoblin is nearby!
The hobgoblin barely misses you.
You barely miss the hobgoblin. You headbutt the hobgoblin.
You kill the hobgoblin!
No target in view!
You now have 153 gold pieces (gained 10).
Found 3 stones.
You now have 171 gold pieces (gained 18).
You open the door.
Found a dagger.
Found two altars.
There is an open door here.
w - a scroll labelled LISIAQ COJ WEN You now have 182 gold pieces (gained 11).
There is an open door here.
You see here a hound corpse.
Found an escape hatch in the ceiling.
A hobgoblin comes into view.
The hobgoblin shouts!
You see here a +3 flail.
You hit the hobgoblin.
The hobgoblin is poisoned.
The hobgoblin is lightly wounded.
You hit the hobgoblin.
You kill the hobgoblin!
No target in view!
You see here a hobgoblin corpse.
Found a stormy altar of Qazlal.
There is a stone staircase leading up here.
There is a stone staircase leading down here.
There is a stone staircase leading down here.
There is a stone staircase leading up here.
Things that are here:
a +0 hand axe; a +0 leather armour
Items here: ))) [ ÷÷.
Items here: ))) [ ÷÷.
Things that are here:
a +0 hand axe; a +0 leather armour
Found 2 stones.
You now have 193 gold pieces (gained 11).
You now have 197 gold pieces (gained 4).
Found a stone staircase leading down.
You see here a +1 rapier of protection.
You now have 217 gold pieces (gained 20).
There is a stone staircase leading down here.
i - 4 scrolls labelled ORPHUDW EPNAYS (gained 1)
There is a stone staircase leading down here.
Found a stone staircase leading up.
There is a stone staircase leading up here.
Done exploring.
Done exploring.
Search for what [Enter for "d:", or ? for help]? d: Unknown command.
There is an escape hatch in the floor here.
There is a stone staircase leading down here.
You climb downwards.
Found 18 gold pieces.
There is a stone staircase leading up here.
As you read the scroll labelled ORPHUDW EPNAYS, it crumbles to dust.
It is a scroll of identify.
d - 2 scrolls of revelation
As you read the scroll of identify, it crumbles to dust.
h - 2 scrolls of teleportation
As you read the scroll of identify, it crumbles to dust.
j - 2 scrolls of enchant weapon
As you read the scroll of identify, it crumbles to dust.
e - a scroll of torment A dart slug comes into view.
The dart slug launches a dart at you. The slug dart misses you.
You see here 18 gold pieces.
You hit the dart slug. You headbutt the dart slug.
The dart slug is severely wounded.
The dart slug launches a dart at you. The slug dart misses you.
You hit the dart slug but do no damage.
The dart slug is severely wounded.
The dart slug launches a dart at you. The slug dart misses you.
You hit the dart slug. You burn the dart slug.
You kill the dart slug!
No target in view!
You now have 235 gold pieces (gained 18).
Found a stone staircase leading up.
f - 18 poisoned darts (gained 3)
Found an escape hatch in the ceiling.
A black bear comes into view.
The helpless black bear fails to defend itself.
You hit the black bear.
You headbutt the black bear, but do no damage.
The black bear is lightly wounded.
The black bear closely misses you. The black bear barely misses you. x2
You slash the black bear! Your headbutt misses the black bear.
The black bear is heavily wounded.
You hit the black bear but do no damage.
The black bear is poisoned.
You headbutt the black bear, but do no damage.
The black bear is heavily wounded.
The black bear bites you but does no damage.
The black bear claws you but does no damage. x2
You hit the black bear. You headbutt the black bear.
The black bear is severely wounded.
The black bear barely misses you. You furiously retaliate!
You headbutt the black bear.
The black bear claws you but does no damage.
The black bear claws you.
You slash the black bear!
You kill the black bear!
Your Axes skill increases to level 7!
You have reached level 6!
HP restored.
Found a ring mail.
Found a ring mail.
Found a stone staircase leading up.
i - a scroll of identify
As you read the scroll of identify, it crumbles to dust.
k - a scroll of silence An orc and an adder come into view.
The orc shouts!
You hit the adder.
The adder is poisoned.
Your headbutt misses the adder.
The adder is lightly wounded.
The adder bites you.
You closely miss the adder. Your headbutt misses the adder.
The adder is lightly wounded.
The adder bites you.
You are poisoned.
The adder poisons you!
You miss the adder.
The adder is heavily wounded.
You feel sick. The adder barely misses you.
You closely miss the adder.
The adder is heavily wounded.
You feel sick. The adder barely misses you. The adder closely misses you.
You miss the adder.
The adder is almost dead.
You hit the orc.
Space warps horribly around the orc!
You kill the orc!
You feel sick.
You kill the adder!
No target in view!
No target in view!
You feel sick.
You feel sick.
You are no longer poisoned.
Things that are here:
a +0 whip; an orc corpse You now have 241 gold pieces (gained 6).
An orc priest comes into view.
It is wielding a +1 short sword of venom.
An orc priest is nearby!
The orc priest shouts!
You hear a shout!
An orc wizard comes into view. It is wielding a +0 dagger.
The orc wizard shouts!
The orc priest mumbles some strange prayers to Beogh against you.
Pain shoots through your body!
An orc priest comes into view. It is wielding a +0 dagger.
The orc priest looks satisfied for a moment.
Duvessa, Sister of Dowan comes into view.
She is wielding a +0 short sword.
There is a stone staircase leading up here.
You hit the orc priest.
The orc priest is lightly wounded.
An adder comes into view.
The orc priest hits you with a +0 dagger.
The adder hisses angrily.
The orc priest hits you with a +0 dagger.
The orc priest begins to cast a cantrip, but forgets the words!
You climb upwards.
There is a stone staircase leading down here.
You slash the orc priest!
The orc priest suddenly seems more resistant.
Xom thinks this is hilarious!
The orc priest is severely wounded.
The orc priest invokes the aid of Beogh against you.
Beogh smites you!
You hit the orc priest.
You kill the orc priest!
No target in view!
You see here a +1 rapier of protection.
You see here 2 stones.
There is a stone staircase leading down here.
You start resting.
HP restored.
You climb downwards.
Level annotation: Duvessa
There is a stone staircase leading up here.
HP restored.
Found a stone staircase leading down.
There is a stone staircase leading down here.
There is a stone staircase leading down here.
Found a chain mail.
An adder is nearby!
You completely miss the adder. Xom's power flows through you!
You are now a special plaything of Xom.
The adder closely misses you.
You hit the adder. You drain the adder.
The adder is heavily wounded.
The adder barely misses you. You furiously retaliate!
You headbutt the adder.
Your hound closely misses the adder.
The adder completely misses you. You furiously retaliate!
You headbutt the adder.
You kill the adder!
No target in view!
Your hound disappears in a puff of smoke!
An orc comes into view. It is wielding a +0 flail.
The orc shouts!
An orc is nearby!
An orc comes into view. It is wielding a +0 flail.
The orc shouts!
You hear a shout!
The orc barely misses you. You furiously retaliate!
You headbutt the orc!
You kill the orc!
The orc hits you with a +0 flail.
You see here a +0 flail.
You barely miss the orc. Your headbutt misses the orc. You hit the orc.
Your headbutt misses the orc.
The orc is heavily wounded.
The orc hits you with a +0 flail.
You slash the orc!
You kill the orc!
No target in view!
You see here a +0 flail.
Found a stone staircase leading down.
An orc comes into view. It is wielding a +0 trident.
Found Keenir's Tiny Tomes.
The orc shouts!
The orc moves out of view.
h - 3 scrolls of teleportation (gained 1)
The orc hits you from afar with a +0 trident!
The orc barely misses you. You furiously retaliate!
You headbutt the orc!
You kill the orc!
No target in view!
No target in view!
d - 3 scrolls of revelation (gained 1)
There is an entrance to Keenir's Tiny Tomes here.
Unknown command.
Unknown command.
Search for what [Enter for "d:", or ? for help]? transl Unknown command.
Found a sedimented amethyst potion.
i - a sedimented amethyst potion Duvessa is nearby!
Unknown command.
Throw: 18 darts (poison)
Press: ? - help, Q - select action Shift-Dir - straight line, f - Duvessa
Aim: Duvessa, wielding a +0 short sword and wearing a +0 ring mail (62% to hit)
Okay, then.
Throw: 18 darts (poison)
Press: ? - help, Q - select action Shift-Dir - straight line, f - Duvessa
Aim: Duvessa, wielding a +0 short sword and wearing a +0 ring mail (62% to hit)
You throw a poisoned dart.
The poisoned dart closely misses Duvessa.
Unknown command.
You hit Duvessa.
Duvessa is poisoned.
Duvessa is lightly wounded.
Duvessa hits you with a +0 short sword!
You hit Duvessa.
Space warps around Duvessa.
Duvessa is moderately wounded.
Duvessa hits you with a +0 short sword.
You barely miss Duvessa.
Duvessa is moderately wounded.
Duvessa misses you. You furiously retaliate!
You headbutt Duvessa. You hit Duvessa but do no damage. You drain Duvessa.
You headbutt Duvessa, but do no damage.
Duvessa is heavily wounded.
Duvessa hits you with a +0 short sword.
You hit Duvessa but do no damage. You headbutt Duvessa.
Duvessa is almost dead.
Duvessa hits you with a +0 short sword.
You hit Duvessa but do no damage. You headbutt Duvessa!
You kill Duvessa!
You hear a distant wail of despair.
Your Fighting skill increases to level 6!
Dowan, Brother of Duvessa comes into view.
He is wielding a +0 dagger.
Dowan shouts!
Dowan seems to find hidden reserves of power!
You hear a shout!
Dowan hits you with a +0 dagger. x2
You closely miss Dowan. Dowan hits you with a +0 dagger.
You hit Dowan. Your headbutt misses Dowan.
Dowan is moderately wounded.
Dowan hits you with a +0 dagger.
You closely miss Dowan.
Dowan is moderately wounded.
Dowan hits you with a +0 dagger. x2
You hit Dowan. Your headbutt misses Dowan.
Dowan is moderately wounded.
Dowan barely misses you.
You hit Dowan.
Dowan is poisoned.
You headbutt Dowan.
Dowan is almost dead.
Dowan barely misses you.
You hit Dowan. You burn Dowan.
You kill Dowan!
The orc priest invokes the aid of Beogh against you.
Beogh smites you!
* * * LOW HITPOINT WARNING * * *
Things that are here:
a +0 dagger; a +0 robe You barely miss the orc priest.
You headbutt the orc priest, but do no damage.
You punch the orc priest, but do no damage.
The orc priest completely misses you.
The orc wizard shouts!
You hit the orc priest but do no damage.
You headbutt the orc priest!
The orc priest is heavily wounded.
The orc wizard gestures wildly while chanting.
The orc wizard flickers and vanishes!
Deactivating autopickup; reactivate with Ctrl-A.
The orc priest hits you but does no damage.
You are poisoned.
You hit the orc priest but do no damage.
Your headbutt misses the orc priest.
The orc priest is heavily wounded.
You feel sick.
The orc priest hits you but does no damage.
You completely miss the orc priest.
The orc priest is heavily wounded.
You feel sick. The orc priest closely misses you. You furiously retaliate!
You headbutt the orc priest!
You kill the orc priest!
Your Axes skill increases to level 8!
You feel sick.
You feel sick.
You feel sick.
You feel sick.
You are no longer poisoned.
Things that are here:
a +0 short sword; a +0 ring mail "This might be better!"
A centaur appears out of thin air!
Reactivating autopickup.
The centaur picks up a +0 dagger.
The centaur wields a +0 dagger.
The centaur picks up a +0 robe.
The centaur wears a +0 robe.
You see here a +0 flail.
You see here a +0 flail.
The centaur hits you with a +0 dagger.
* * * LOW HITPOINT WARNING * * *
The centaur kicks you.
* * * LOW HITPOINT WARNING * * *
You see here a +0 flail.
You closely miss the centaur.
You headbutt the centaur, but do no damage.
The centaur hits you with a +0 dagger.
* * * LOW HITPOINT WARNING * * *
The centaur kicks you.
* * * LOW HITPOINT WARNING * * *
The centaur hits you with a +0 dagger.
* * * LOW HITPOINT WARNING * * *
The centaur kicks you but does no damage.
You hit the centaur.
The centaur seems to speed up.
You headbutt the centaur, but do no damage.
The centaur is lightly wounded.
Xom makes a sudden noise!
You hear a piteous moan.
The centaur hits you but does no damage.
The centaur kicks you but does no damage.
The centaur completely misses you. You furiously retaliate!
You headbutt the centaur. The centaur closely misses you.
You hit the centaur.
The centaur suddenly seems more agile.
Xom thinks this is hilarious!
You headbutt the centaur.
The centaur is severely wounded.
The centaur completely misses you. The centaur barely misses you.
The centaur hits you with a +0 dagger.
* * * LOW HITPOINT WARNING * * *
The centaur kicks you.
* * * LOW HITPOINT WARNING * * *
Okay, then.
Unknown command.
You hit the centaur. Lightning courses through the centaur!
You kill the centaur!
You have reached level 7!
You start resting.
HP restored.
Things that are here:
a +0 dagger; a +0 robe You see here a +0 flail.
You see here a +0 flail.
x - a +4 ring of protection
Things that are here:
a +1 short sword of venom; a +0 chain mail
x - a +4 ring of protection (left hand)
f - 18 poisoned darts (gained 1)
Found a stone staircase leading down.
Found an escape hatch in the floor.
You are now a plaything of Xom.
An iguana comes into view.
The iguana hisses angrily.
The iguana hisses menacingly.
You completely miss the iguana. The iguana bites you.
You hit the iguana but do no damage. Your headbutt misses the iguana.
The iguana bites you.
You hit the iguana but do no damage. The iguana barely misses you.
You furiously retaliate!
You headbutt the iguana. You hit the iguana but do no damage.
You headbutt the iguana!
The iguana is heavily wounded.
The iguana bites you but does no damage.
You hit the iguana but do no damage.
The iguana is heavily wounded.
You barely miss the iguana. Your headbutt misses the iguana.
The iguana is heavily wounded.
The iguana bites you but does no damage.
You hit the iguana but do no damage. You headbutt the iguana!
You kill the iguana!
No target in view!
d - 4 scrolls of revelation (gained 1)
An iguana comes into view.
The iguana hisses angrily. "Forecast: mostly cloudy."
The iguana bites you!
You hit the iguana.
The iguana is lightly wounded.
The iguana bites you.
You hit the iguana but do no damage.
The iguana appears confused.
You headbutt the iguana, but do no damage.
The iguana is lightly wounded.
The iguana bites you!
The iguana bites itself but does no damage.
You barely miss the iguana.
The iguana is lightly wounded.
You barely miss the iguana.
The iguana is lightly wounded.
You hit the iguana.
The iguana suddenly seems more resistant.
Xom thinks this is hilarious!
The iguana is moderately wounded.
The iguana bites itself!
You catch the helpless iguana completely off-guard!
You hit the iguana.
The iguana appears confused.
You headbutt the iguana.
You kill the iguana!
No target in view!
Unknown command.
There is an escape hatch in the floor here.
There is a stone staircase leading down here.
Done exploring.
Unknown command.
Search for what [Enter for "transl", or ? for help]? d: Unknown command.
There is a stone staircase leading down here.
You climb downwards.
Found a mace and 19 gold pieces.
Found a stone staircase leading down.
There is a stone staircase leading up here.
A white imp comes into view.
The white imp shouts, "Decamp, thou worthless dizzy-eyed lewdster!"
You slash the white imp!
You headbutt the white imp, but do no damage.
The white imp is almost dead.
You hit the white imp.
You kill the white imp!
No target in view!
You now have 251 gold pieces (gained 10).
You now have 260 gold pieces (gained 9).
Found a war axe.
Found a sacrificial altar of Ru.
s - 2 inky potions (gained 1)
An orc warrior comes into view. It is wielding a +0 mace.
The orc warrior shouts!
You hear a shout! x2
You hit the orc warrior but do no damage.
Your headbutt misses the orc warrior.
The orc warrior hits you with a +0 mace!
You hit the orc warrior but do no damage.
The orc warrior is moving more slowly.
You hit the orc warrior but do no damage.
The orc warrior hits you with a +0 mace!
You hit the orc warrior but do no damage.
You drain the orc warrior.
The orc warrior is lightly wounded.
Xom briefly touches your surroundings.
The orc warrior stops moving altogether!
An orc comes into view. It is wielding a +0 flail.
An orc comes into view. It is wielding a +0 whip.
The helpless orc warrior fails to defend itself.
You hit the orc warrior but do no damage.
Nothing appears to happen.
The orc warrior is lightly wounded.
The orc shouts!
The helpless orc warrior fails to defend itself.
You hit the orc warrior. You freeze the orc warrior.
You headbutt the orc warrior, but do no damage.
The orc warrior is lightly wounded. "Feel my power!"
The orc is outlined in light.
The helpless orc warrior fails to defend itself.
You hit the orc warrior but do no damage.
The orc warrior is lightly wounded.
The helpless orc warrior fails to defend itself.
You hit the orc warrior.
The orc warrior is lightly wounded.
The helpless orc warrior fails to defend itself.
You hit the orc warrior. You freeze the orc warrior.
The orc warrior is lightly wounded.
You completely miss the orc. The orc closely misses you.
You furiously retaliate!
You headbutt the orc!
You kill the orc!
The helpless orc warrior fails to defend itself.
You hit the orc warrior but do no damage.
You headbutt the orc warrior, but do no damage.
The orc warrior is lightly wounded.
The helpless orc warrior fails to defend itself.
You hit the orc warrior. You freeze the orc warrior.
The orc warrior is moderately wounded.
You hit the orc. You burn the orc. The orc barely misses you.
The helpless orc warrior fails to defend itself.
You hit the orc warrior.
The orc warrior is moderately wounded.
You barely miss the orc. The orc hits you but does no damage.
Unknown command.
The helpless orc warrior fails to defend itself.
You slash the orc warrior!
You headbutt the orc warrior, but do no damage.
The orc warrior is heavily wounded.
You hit the orc. You burn the orc. The orc barely misses you.
The helpless orc warrior fails to defend itself.
You slash the orc warrior!
The orc warrior seems to grow stronger.
Xom thinks this is hilarious!
You headbutt the orc warrior, but do no damage.
The orc warrior is severely wounded.
You hit the orc.
You kill the orc!
The helpless orc warrior fails to defend itself.
You hit the orc warrior but do no damage.
The orc warrior is severely wounded.
The helpless orc warrior fails to defend itself.
You hit the orc warrior but do no damage.
You headbutt the orc warrior, but do no damage.
The orc warrior is severely wounded.
The helpless orc warrior fails to defend itself.
You hit the orc warrior. You burn the orc warrior.
The orc warrior is severely wounded.
An orc comes into view. It is wielding a +0 club.
The helpless orc warrior fails to defend itself.
You hit the orc warrior but do no damage.
You headbutt the orc warrior, but do no damage.
The orc warrior is severely wounded.
The helpless orc warrior fails to defend itself.
You hit the orc warrior but do no damage.
You drain the orc warrior.
You headbutt the orc warrior, but do no damage.
The orc warrior is severely wounded.
The orc warrior is no longer petrified.
The orc warrior barely misses you.
You closely miss the orc warrior. Your headbutt misses the orc warrior.
The orc warrior is severely wounded.
You barely miss the orc. The orc warrior completely misses you.
The orc hits you with a +0 club.
You hit the orc warrior.
You kill the orc warrior!
You hit the orc but do no damage. The orc hits you with a +0 club.
The orc hits you with a +0 club.
Things that are here:
a +0 mace; a +0 chain mail; an orc corpse You hit the orc but do no damage.
You headbutt the orc, but do no damage. You hit the orc. You burn the orc.
You headbutt the orc.
The orc is almost dead.
The orc hits you with a +0 club.
You hit the orc.
You kill the orc!
Items here: ( ))) [ ††.
Things that are here:
a +0 mace; a +0 chain mail; an orc corpse HP restored.
y - a scroll labelled LOUFREI GACH
There is a shimmering altar of Xom here.
An electric eel comes into view.
The electric eel shoots out a bolt of lightning at you!
The bolt of electricity hits you.
Unknown command.
Found a sapphire potion.
An iguana comes into view.
The iguana hisses angrily.
An orc comes into view. It is wielding a +0 dagger.
The orc shouts!
You hit the iguana.
The iguana is poisoned.
The iguana is moderately wounded.
The iguana bites you but does no damage.
You closely miss the iguana.
The iguana is moderately wounded.
The iguana bites you!
You barely miss the iguana. Your headbutt misses the iguana.
The iguana is heavily wounded.
The iguana barely misses you.
You hit the iguana. Your headbutt misses the iguana.
The iguana is severely wounded.
You kill the iguana!
Your Axes skill increases to level 9!
The orc barely misses you.
You see here an iguana corpse.
You hit the orc but do no damage. Your headbutt misses the orc.
The orc hits you with a +0 dagger.
You slash the orc! You freeze the orc.
You kill the orc!
A scorpion comes into view.
Found a scroll of identify. "Time to have some fun!"
Things that are here:
a +0 dagger; a +0 leather armour You hit the scorpion.
Lightning courses through the scorpion!
You kill the scorpion!
You hit the water moccasin but do no damage.
Lightning courses through the water moccasin!
The water moccasin bites you.
Your Fighting skill increases to level 7!
The water moccasin attacks as it pursues you!
The water moccasin closely misses you.
You see here an iguana corpse.
You closely miss the water moccasin.
Your headbutt misses the water moccasin.
You punch the water moccasin.
The water moccasin is moderately wounded.
The water moccasin bites you.
You are poisoned.
The water moccasin poisons you!
You hit the water moccasin.
The water moccasin seems to slow down.
You freeze the water moccasin.
The water moccasin is heavily wounded.
You feel sick. The water moccasin bites you.
You completely miss the water moccasin. You headbutt the water moccasin!
The water moccasin is severely wounded.
You feel sick.
You hit the water moccasin. You burn the water moccasin.
The water moccasin is almost dead.
You feel sick.
The water moccasin is no longer moving slowly.
The water moccasin bites you but does no damage.
You hit the water moccasin. You burn the water moccasin.
You kill the water moccasin!
The water moccasin's corpse disappears in a puff of smoke!
You feel sick.
You closely miss the ogre.
You feel sick.
You hit the ogre.
The ogre is lightly wounded.
You feel sick. The ogre hits you with a +0 giant club.
You barely miss the ogre. You headbutt the ogre!
The ogre is heavily wounded.
The ogre barely misses you.
You hit the ogre. You burn the ogre. You headbutt the ogre.
The ogre is almost dead.
You feel sick.
You hit the ogre.
The ogre is almost dead.
You feel sick. The ogre hits you with a +0 giant club!
* * * LOW HITPOINT WARNING * * *
You barely miss the ogre.
The ogre is almost dead.
You feel sick.
You are no longer poisoned.
You hit the ogre.
The ogre seems to grow stronger.
You headbutt the ogre.
You kill the ogre!
The ogre's corpse disappears in a puff of smoke!
Things that are here:
a +0 dagger; a +0 leather armour You see here an iguana corpse.
You start resting.
Xom's power almost touches on you for a moment.
Your leather armour briefly grows fur, then returns to normal.
You start resting.
You are now a special plaything of Xom.
You start resting.
HP restored.
You start resting.
HP restored.
You see here an iguana corpse.
Things that are here:
a +0 dagger; a +0 leather armour An orc comes into view.
It is wielding a +0 whip.
z - a sapphire potion You open the large door.
The electric eel shoots out a bolt of lightning at you!
The bolt of electricity hits you!
There is a large open door here.
There is a large open door here.
The electric eel shoots out a bolt of lightning at you!
The bolt of electricity hits you! The bolt of electricity misses you.
The bolt of electricity hits the electric eel.
The electric eel completely resists.
You closely miss the electric eel.
The electric eel shoots out a bolt of lightning at you!
The bolt of electricity hits you!
The electric eel shoots out a bolt of lightning at you!
The bolt of electricity misses you. The bolt of electricity hits you!
* * * LOW HITPOINT WARNING * * *
The bolt of electricity hits the electric eel.
The electric eel completely resists.
You hit the electric eel but do no damage.
You hit the electric eel.
You feel better.
The electric eel is lightly wounded.
You closely miss the electric eel.
The electric eel is lightly wounded. "This might be better!"
The electric eel changes into a shapeshifter!
The shapeshifter changes into a meliai!
You closely miss the meliai. "This might be better!"
You swap places with the meliai.
Splash!
You fall into the shallow water.
Moving in this stuff is going to be slow.
The meliai misses you. The meliai completely misses you.
The meliai hits you but does no damage. The meliai stings you.
* * * LOW HITPOINT WARNING * * *
The meliai hits you.
* * * LOW HITPOINT WARNING * * *
The meliai stings you!
* * * LOW HITPOINT WARNING * * *
Unknown command.
Okay, then.
Okay, then.
Unknown command.
Press: ? - help, v - describe, . - travel
Here: a meliai shaped shifter The floor.
It was a potion of brilliance.
You feel clever all of a sudden.
Xom thinks this is hilarious!
The meliai closely misses you.
The meliai stings you but does no damage.
The meliai hits you.
* * * LOW HITPOINT WARNING * * *
The meliai stings you.
* * * LOW HITPOINT WARNING * * *
Unknown command.
It was a potion of attraction.
You feel attractive to monsters. The meliai hits you but does no damage.
The meliai misses you. The meliai barely misses you. The meliai stings you.
* * * LOW HITPOINT WARNING * * *
It was a potion of curing.
You feel better.
The meliai changes into a guardian serpent!
Okay, then.
Press: ? - help, v - describe, . - travel
Here: a guardian serpent shaped shifter The floor.
It was a potion of enlightenment.
You feel very buoyant.
You fly up into the air.
Xom roars with laughter!
Xom titters.
You are confused.
You are now a beloved toy of Xom.
The guardian serpent hits you!
You die...
Xom giggles madly!

Skill      XL: |  1  2  3  4  5  6  7 |
---------------+----------------------+-----
Axes           | 4 5 6 7 8 9 |  9.2
Fighting       | 4 5 6 7 |  7.0
Armour         | |  2.4
Dodging        | |  1.1

Action                     |  1- 3 |  4- 6 |  7- 9 || total
---------------------------+-------+-------+-------++-------
  Melee: Hand axe          |    84 |    97 |    63 ||   244
         Headbutt          |     9 |    23 |    18 ||    50
         Punch             |     1 |     2 |     1 ||     4
  Throw: Dart              |       |     1 |       ||     1
    Use: Scroll            |       |     5 |       ||     5
         Potion            |       |       |     4 ||     4
   Stab: Sleeping          |     1 |     1 |       ||     2
         Petrified         |       |       |    15 ||    15
         Confused          |       |       |     1 ||     1
 Armour: Leather armour    |    57 |    66 |    38 ||   161
  Dodge: Dodged            |    61 |    61 |    17 ||   139

Levels and vault maps discovered:
D:1:      roderic_crossed_star, layout_basic
D:2:      layout_basic, dk_noncrumbling_4
D:3:      layout_basic, mainiacjoe_overflow_concentric_impassable,
          nicolae_ecumenical_snake_handling
D:4:      layout_loops_cross, nicolae_qazlal_eye_of_the_storm,
          gammafunk_temple_overflow_pools
D:5:      layout_loops_cross, nicolae_shop_i_like_small_books_too, uniq_duvessa
D:6:      layout_basic, mainiacjoe_overflow_surrounded_room,
          nicolae_ru_awakened_eye, temple_hall, serial_bayou,
          serial_bayou_shore_a, serial_bayou_lake_a, serial_bayou_shore_b,
          serial_bayou_pond_d

Notes
Turn   | Place    | Note
-------+----------+-------------------------------------------
     0 | D:1      | scionoferis the Minotaur Chaos Knight began the quest for
                  | the Orb.
     0 | D:1      | Reached XP level 1. HP: 19/19 MP: 0/0
   151 | D:1      | Reached skill level 4 in Axes
   287 | D:1      | Reached XP level 2. HP: 27/27 MP: 1/1
   354 | D:1      | Reached skill level 4 in Fighting
   571 | D:1      | Reached XP level 3. HP: 29/33 MP: 2/2
   646 | D:1      | XOM: god gift: bubbling grey potion {god gift}
   761 | D:1      | XOM: divination: detect items
   918 | D:1      | XOM: divination: detect items
  1277 | D:2      | Reached skill level 5 in Axes
  1367 | D:2      | XOM: silly message
  1392 | D:2      | XOM: silly message
  1573 | D:3      | Found a shimmering altar of Xom.
  1651 | D:3      | Reached XP level 4. HP: 26/41 MP: 3/3
  1681 | D:3      | XOM: silly message
  1762 | D:3      | Identified the amulet of the Jackalope {RegenMP +Blink rF-
                  | Str+6 Int+3}
  1859 | D:3      | Found a faded altar of an unknown god.
  2039 | D:4      | Reached skill level 5 in Fighting
  2039 | D:4      | Reached skill level 6 in Axes
  2039 | D:4      | Reached XP level 5. HP: 48/48 MP: 4/4
  2186 | D:4      | Found a snail-covered altar of Cheibriados.
  2186 | D:4      | Found an ornate altar of the Wu Jian Council.
  2295 | D:4      | Found a stormy altar of Qazlal.
  2624 | D:5      | Entered Level 5 of the Dungeon
  2673 | D:5      | Noticed a black bear
  2679 | D:5      | Killed a black bear
  2680 | D:5      | Reached skill level 7 in Axes
  2680 | D:5      | Reached XP level 6. HP: 54/56 MP: 5/5
  2859 | D:5      | Noticed Duvessa
  3011 | D:5      | XOM: cast spell 'Call Canine Familiar'
  3106 | D:5      | Found Keenir's Tiny Tomes.
  3171 | D:5      | Killed Duvessa
  3172 | D:5      | Reached skill level 6 in Fighting
  3172 | D:5      | Noticed Dowan
  3179 | D:5      | Killed Dowan
  3183 | D:5      | HP: 14/57 [poisoned by an orc priest]
  3185 | D:5      | Reached skill level 8 in Axes
  3188 | D:5      | HP: 11/57 [poisoned by an orc priest]
  3207 | D:5      | XOM: polymorph something unseen -> centaur
  3220 | D:5      | HP: 13/57 [centaur/+0 dagger (4)]
  3221 | D:5      | XOM: noise
  3222 | D:5      | HP: 6/57 [centaur/+0 dagger (5)]
  3224 | D:5      | Reached XP level 7. HP: 6/64 MP: 6/6
  3650 | D:5      | XOM: chaos cloud
  3876 | D:6      | Found a sacrificial altar of Ru.
  3886 | D:6      | XOM: scenery: create altars
  3888 | D:6      | XOM: fake destruction
  3993 | D:6      | Reached skill level 9 in Axes
  3996 | D:6      | XOM: summons 2 hostile shadow creatures
  3998 | D:6      | Reached skill level 7 in Fighting
  4034 | D:6      | XOM: silly message
  4173 | D:6      | an electric eel changed into a shapeshifter
  4173 | D:6      | Noticed a shapeshifter (shapeshifter)
  4173 | D:6      | XOM: polymorph electric eel -> shapeshifter
  4173 | D:6      | a shapeshifter changed into a meliai
  4173 | D:6      | Noticed a meliai (shapeshifter)
  4174 | D:6      | XOM: swap monsters
  4175 | D:6      | HP: 13/66 [meliai (shapeshifter) (7)]
  4177 | D:6      | HP: 6/66 [meliai (shapeshifter) (4)]
  4178 | D:6      | a meliai changed into a guardian serpent
  4178 | D:6      | Noticed a guardian serpent (shapeshifter)
  4179 | D:6      | XOM: confusion
  4179 | D:6      | Slain by a guardian serpent (shapeshifter)

Vanquished Creatures
  Duvessa (D:5)
  An orc warrior (D:6)
  A black bear (D:5)
  A centaur (D:5)
  A scorpion (D:6)
  Dowan (D:5)
  2 orc priests (D:4 D:5)
  A hound (D:4)
  3 iguanas (D:5 D:6)
  An orc wizard (D:4)
  7 adders (D:3 D:4 D:5)
  A white imp (D:6)
  2 dart slugs (D:1 D:5)
  13 orcs (D:3 D:4 D:5 D:6)
  7 bats (D:1 D:2)
  5 endoplasms (D:1 D:2 D:3)
  6 giant cockroaches (D:1 D:2 D:3)
  6 goblins (D:1 D:2 D:3)
  5 hobgoblins (D:3 D:4)
  12 jackals (D:1)
  4 quokkas (D:1 D:2 D:3)
  4 ball pythons (D:1 D:2 D:3)
  8 kobolds (D:1 D:2 D:3)
  2 rats (D:2 D:3)
95 creatures vanquished.

Table legend: (Time is in decaauts)
 A = Elapsed time spent in this place.
 B = Non-inter-level travel time spent in this place.
 C = Inter-level travel time spent in this place.
 D = Time resting spent in this place.
 E = Time spent auto-exploring this place.
 F = Levels seen in this place.
 G = Mean time per level.
                   A        B        C        D        E       F      G
               +--------+--------+--------+--------+--------+-----+--------+
         Total |   4175 |   4013 |    162 |    293 |   3085 |   6 |  695.8 |
       Dungeon |   4175 |   4013 |    162 |    293 |   3085 |   6 |  695.8 |
               +--------+--------+--------+--------+--------+-----+--------+

Top non-repeatable levels by time:
     D:5: 1180 daAuts
     D:1: 1002 daAuts
     D:4: 699 daAuts
     D:2: 551 daAuts
     D:3: 409 daAuts
     D:6: 332 daAuts

Table legend:
 A = Non-vault XP
 B = Vault XP
 C = Vault XP percentage of total XP
 D = Non-vault monster count
 E = Vault monster count
 F = Vault count percentage of total count
                 A         B        C        D         E       F
            +---------+---------+-------+---------+---------+-------
      Total |     940 |     248 |  20.9 |      89 |       6 |   6.3
            +---------+---------+-------+---------+---------+-------
        D:1 |      53 |       0 |   0.0 |      28 |       0 |   0.0
        D:2 |      25 |       0 |   0.0 |      15 |       0 |   0.0
        D:3 |      40 |      40 |  50.0 |      16 |       4 |  20.0
        D:4 |     145 |       0 |   0.0 |      10 |       0 |   0.0
        D:5 |     400 |     208 |  34.2 |      12 |       2 |  14.3
        D:6 |     277 |       0 |   0.0 |       8 |       0 |   0.0
            +---------+---------+-------+---------+---------+-------
